 Dungeon Crawl Stone Soup version 0.22.1-1-ga44c0e5 (webtiles) character file.

288 gbos the Ruffian (level 6, -5/55 HPs)
             Began as a Draconian Transmuter on Oct 2, 2018.
             Was an Initiate of Fedhas.
             Slain by an ogre
             ... wielding a +0 giant club
              (23 damage)
             ... on level 5 of the Dungeon.
             The game lasted 00:09:41 (3428 turns).

gbos the Ruffian (Draconian Transmuter)             Turns: 3428, Time: 00:09:42

Health: -5/55      AC:  7    Str: 12    XL:     6   Next: 9%
Magic:  8/9        EV: 12    Int: 16    God:    Fedhas [......]
Gold:   208        SH:  0    Dex: 11    Spells: 8/9 levels left

rFire    . . .     SeeInvis .     - Unarmed
rCold    . . .     Gourm    .   (no shield)
rNeg     . . .     Faith    .   (armour unavailable)
rPois    .         Spirit   .   (helmet restricted)
rElec    .         Reflect  .   l - +0 cloak
rCorr    .         Harm     .   (no gloves)
MR       .....                  (boots currently unavailable)
Stlth    +.........             (no amulet)
HPRegen  0.18/turn              (no ring)
MPRegen  0.11/turn              (no ring)

@: appendage
A: unfitting armour, talons 3, cold-blooded, AC +6
a: End Transformation, Fungal Bloom, Renounce Religion


You were on level 5 of the Dungeon.
You worshipped Fedhas.
Fedhas was noncommittal.
You were not hungry.
You had grown temporary talons.
You visited 1 branch of the dungeon, and saw 5 of its levels.

You collected 208 gold pieces.

Inventory:

Hand Weapons
 m - the +0 whip of the Coward {slash, Str+4, unknown}
   (You found it on level 4 of the Dungeon)

   It inflicts extra damage upon your enemies.
   It affects your strength (+4).
Missiles
 a - 56 arrows
Armour
 l - a +0 cloak (worn)
Jewellery
 i - an uncursed ring of resist corrosion {unknown}
 q - a +3 ring of protection {unknown}
Scrolls
 b - a scroll of random uselessness {unknown}
 d - 3 scrolls of teleportation
 e - 3 scrolls of remove curse
 g - a scroll of magic mapping
 h - a scroll of amnesia {unknown}
 j - 2 scrolls of enchant weapon {unknown}
 n - a scroll of immolation {unknown}
 o - 6 scrolls of identify {unknown}
Potions
 f - 3 potions of haste {unknown}
 k - a potion of ambrosia {unknown}
 p - a potion of resistance {unknown}
Comestibles
 c - 10 rations
 r - a chunk of flesh


   Skills:
 + Level 4.8 Fighting
 - Level 1.7 Dodging
 + Level 5.2 Unarmed Combat
 - Level 2.0 Spellcasting
 - Level 2.0 Transmutations


You had 8 spell levels left.
You knew the following spells:

 Your Spells              Type           Power        Failure   Level  Hunger
a - Beastly Appendage     Tmut           #.....       9%          1    #......

Your spell library contained the following spells:

 Spells                   Type           Power        Failure   Level  Hunger
 Sticks to Snakes         Tmut           #.......     14%         2    ###....
 Spider Form              Tmut/Pois      #.........   38%         3    ###....
 Ice Form                 Ice/Tmut       #.......     80%         4    #####..
 Blade Hands              Tmut           #.........   94%         5    ######.


Dungeon Overview and Level Annotations

Branches:
Dungeon (5/15)
 Temple: D:4-7

Altars:
Fedhas
Makhleb
Okawaru
Ru
Wu Jian

Annotations:
D:3 1 runed door
D:4 Sigmund


Innate Abilities, Weirdness & Mutations

Your plain brown scales are hard. (AC +6)
You cannot fit into any form of body armour.
You are cold-blooded and may be slowed by cold attacks.
You have claws for feet.


Message History

The adder closely misses you.
You barely miss the adder.
The adder is almost dead.
The adder barely misses you.
You punch the adder!
You kill the adder!
Casting: Beastly Appendage (safe; 9% risk of failure)
Confirm with . or Enter, or press ? or * to list all spells.
You extend your transformation's duration.
The ogre closely misses you.
You hit the ogre.
The ogre is moderately wounded.
The ogre hits you with a giant club!
You punch the ogre! You claw the ogre.
The ogre is severely wounded.
You closely miss the ogre. You claw the ogre.
The ogre is almost dead.
The ogre hits you with a giant club!!
You die...
Fedhas appreciates your contribution to the ecosystem.

##..........### .....
##.............###.?#
..##...............#
##.##..............##
##.#......##.......####
##...<...####.........
#.....### ##..##...# ##
#.....## #O## #.##
.###......# #@# #.#
.......#..####...# ##
##.....#....####.#
##...####.## ##. #####
##.## # ##.# ###


You could see an ogre.

Vanquished Creatures
  A bullfrog skeleton (D:4)
  An orc wizard (D:3)
  An iguana (D:4)
  A worker ant (D:4)
  A hound skeleton (D:4)
  6 adders
  3 oozes
  2 worms (D:2)
  3 dart slugs (D:2)
  7 leopard geckos
  6 orcs (D:3)
  3 ball pythons
  9 bats
  A giant cockroach (D:1)
  7 goblins
  8 hobgoblins
  4 jackals
  6 frilled lizards
  7 kobolds
  9 rats
86 creatures vanquished.

Vanquished Creatures (others)
  27 toadstools
27 creatures vanquished.

Grand Total: 113 creatures vanquished

Notes
Turn   | Place    | Note
-------+----------+-------------------------------------------
     0 | D:1      | gbos the Draconian Transmuter began the quest for the Orb.
     0 | D:1      | Reached XP level 1. HP: 16/16 MP: 3/3
   124 | D:1      | Reached XP level 2. HP: 24/24 MP: 3/5
   698 | D:1      | Reached XP level 3. HP: 29/30 MP: 3/6
   878 | D:2      | Found an iron altar of Okawaru.
  1090 | D:2      | Found a faded altar of an unknown god.
  1223 | D:2      | Reached skill level 4 in Unarmed Combat
  1282 | D:2      | Found an ornate altar of the Wu Jian Council.
  1359 | D:2      | Reached XP level 4. HP: 38/38 MP: 5/7
  1629 | D:3      | Found a blossoming altar of Fedhas.
  1639 | D:3      | Noticed an oklob plant
  2049 | D:3      | Found a sacrificial altar of Ru.
  2054 | D:3      | Reached XP level 5. HP: 22/46 MP: 6/8
  2209 | D:3      | Became a worshipper of Fedhas Madash
  2450 | D:3      | Found a runed door.
  2795 | D:4      | Noticed Sigmund
  2818 | D:4      | Found a burning altar of Makhleb.
  2826 | D:4      | Got a smoking whip
  2920 | D:4      | Reached skill level 5 in Unarmed Combat
  3027 | D:4      | Reached XP level 6. HP: 47/53 MP: 9/9
  3356 | D:5      | Entered Level 5 of the Dungeon
  3428 | D:5      | Slain by an ogre

Skill      XL: |  1  2  3  4  5 |
---------------+----------------+-----
Fighting       | 2 3 4 |  4.8
Unarmed Combat | 4 5 |  5.2
Dodging        | |  1.7
Spellcasting   | |  2.0
Transmutations | |  2.0

Action                   |  1- 3 |  4- 6 || total
-------------------------+-------+-------++-------
Melee: Unarmed           |   161 |   149 ||   310
       Headbutt          |    14 |     8 ||    22
       Tailslap          |    13 |    14 ||    27
       Kick              |    10 |    13 ||    23
       Punch             |       |     3 ||     3
 Cast: Beastly Appendage |    31 |    27 ||    58
Invok: Fungal Bloom      |       |     4 ||     4
  Use: Scroll            |       |     3 ||     3
       Potion            |       |     2 ||     2
 Stab: Sleeping          |     1 |     3 ||     4
  Eat: Chunk             |     2 |     4 ||     6
       Ration            |       |     1 ||     1
Armor: Skin              |    49 |    44 ||    93
Dodge: Dodged            |    83 |    82 ||   165
